[Event "Titled Tuesday Blitz March 15 Early 2022"]
[White "Vokarev, Sergey"]
[Black "Koellner, Ruben Gideon"]
[WhiteFideId "4119711"]
[BlackFideId "12993093"]
[WhiteElo "2398"]
[BlackElo "2426"]
[Result "0-1"]
[Round "04"]
[TimeControl "180+1"]
[Date "2022.03.15"]
[WhiteClock "0:00:02"]
[BlackClock "0:00:16"]

1. e4 d6 2. d4 Nf6 3. Nc3 e5 4. dxe5 dxe5 5. Qxd8+ Kxd8 6. Bc4 Be6 7. Bxe6 fxe6 8. f3 Bd6 9. Nh3 Ke7 10. Nf2 a6 11. Be3 Nbd7 12. O-O-O b5 13. Kb1 Rhb8 14. Nd3 c5 15. b3 c4 16. Nc1 Bc5 17. Rhe1 a5 18. Re2 Bxe3 19. Rxe3 Nc5 20. N3e2 Nfd7 21. Kb2 b4 22. bxc4 Nb6 23. Rb3 Nxc4+ 24. Kb1 Nxb3 25. axb3 Ne3 26. Rd2 Rd8 27. Nd3 Nxg2 28. Kc1 Kf6 29. Rd1 Rac8 30. Rg1 Rxd3 31. Rxg2 Rxf3 32. Kd2 Rd8+ 33. Ke1 g6 34. Ng3 h5 35. Nf1 Rd4 36. Nd2 Rf4 37. Ke2 g5 38. Ke3 g4 39. Rg1 Rxd2 40. Kxd2 Rf2+ 41. Kd3 Rxh2 42. Ra1 g3 43. Ke3 Rxc2 44. Rxa5 Rc3+ 45. Ke2 h4 46. Ra8 Kg5 0-1


[Site "https://www.chess.com"]

[Event "Titled Tuesday Blitz March 15 Early 2022"]
[White "Vujnovic, Patricija"]
[Black "Sanchez, Robert"]
[WhiteFideId "14502313"]
[BlackFideId "2034360"]
[WhiteElo "2107"]
[BlackElo "2286"]
[Result "1/2-1/2"]
[Round "04"]
[TimeControl "180+1"]
[Date "2022.03.15"]
[WhiteClock "0:00:21"]
[BlackClock "0:01:14"]

1. e4 e6 2. b3 d5 3. Bb2 dxe4 4. Nc3 Nf6 5. Qe2 Be7 6. Nxe4 O-O 7. O-O-O a5 8. a4 b5 9. Nxf6+ Bxf6 10. Qxb5 Bxb2+ 11. Kxb2 Qf6+ 12. d4 Qxf2 13. Nf3 Na6 14. Bd3 Nb4 15. Rd2 Qe3 16. Re1 Qh6 17. Be4 c6 18. Qc5 Bb7 19. Rde2 Rfd8 20. g4 Ba6 21. Re3 Nd5 22. Bxd5 cxd5 23. g5 Qh5 24. Ne5 Rdc8 25. Qe7 Re8 26. Qd7 Red8 27. Qc7 Rdc8 28. Qe7 Re8 29. Qd7 Red8 30. Qe7 Re8 1/2-1/2


[Site "https://www.chess.com"]

[Event "Titled Tuesday Blitz March 15 Early 2022"]
[White "Wagh Suyog"]
[Black "Hess, Robert"]
[WhiteFideId "25071688"]
[BlackFideId "2022036"]
[WhiteElo "2181"]
[BlackElo "2557"]
[Result "0-1"]
[Round "04"]
[TimeControl "180+1"]
[Date "2022.03.15"]
[WhiteClock "0:00:07"]
[BlackClock "0:00:10"]

1. d4 g6 2. h4 Nf6 3. Bg5 h6 4. Bxf6 exf6 5. h5 g5 6. e3 d5 7. Bd3 Nc6 8. c4 Nb4 9. Nc3 Nxd3+ 10. Qxd3 dxc4 11. Qxc4 c6 12. O-O-O Be6 13. d5 cxd5 14. Qb5+ Qd7 15. Qxd7+ Kxd7 16. Nxd5 Rc8+ 17. Kb1 Bf5+ 18. Ka1 Ke6 19. Nf3 Be4 20. Nc3 Bxf3 21. gxf3 Bd6 22. Kb1 Be5 23. Ne2 Rhd8 24. f4 Bb8 25. Nd4+ Kd5 26. Nf5+ Ke6 27. Ng7+ Ke7 28. fxg5 hxg5 29. Nf5+ Ke6 30. Ng7+ Ke5 31. f4+ Ke4 32. fxg5 fxg5 33. Rdf1 Be5 34. Nf5 Rd2 35. Nd4 Bxd4 36. exd4 Rcc2 37. Rxf7 Rxb2+ 38. Kc1 Rdc2+ 39. Kd1 Rg2 40. Kc1 Rxa2 41. Kb1 Rgb2+ 42. Kc1 Ra1+ 43. Kxb2 Rxh1 44. Rxb7 Rxh5 45. Kc3 g4 46. Re7+ Kf3 47. Kc4 g3 48. Rf7+ Kg4 49. Rf1 g2 50. Rg1 Kf3 51. d5 Rh1 52. Rxg2 Kxg2 53. d6 Rd1 54. Kc5 a5 0-1


[Site "https://www.chess.com"]

[Event "Titled Tuesday Blitz March 15 Early 2022"]
[White "Weetik, Vjacheslav"]
[Black "Spitzl, Vinzent"]
[WhiteFideId "4153472"]
[BlackFideId "12901253"]
[WhiteElo "2469"]
[BlackElo "2160"]
[Result "1-0"]
[Round "04"]
[TimeControl "180+1"]
[Date "2022.03.15"]
[WhiteClock "0:00:13"]
[BlackClock "0:00:01"]

1. e4 d5 2. exd5 Qxd5 3. Nc3 Qd8 4. d4 Nf6 5. Nf3 g6 6. Bc4 Bg7 7. h3 O-O 8. O-O a6 9. a4 Nc6 10. Re1 b6 11. Bf4 Bb7 12. Qd2 e6 13. Rad1 Nb4 14. Ne5 Nbd5 15. Bh6 Nxc3 16. Bxg7 Kxg7 17. Qxc3 Qd6 18. Bf1 Rad8 19. Qg3 Nd7 20. c3 Nxe5 21. Rxe5 f6 22. Re3 Qxg3 23. Rxg3 e5 24. Rgd3 exd4 25. Rxd4 Rxd4 26. Rxd4 Rf7 27. f3 Re7 28. Kf2 a5 29. h4 Bc6 30. Bb5 Bxb5 31. axb5 Kf7 32. g4 Ke8 33. c4 Re5 34. f4 Re6 35. g5 fxg5 36. hxg5 Ke7 37. Kf3 Re1 38. Re4+ Rxe4 39. Kxe4 Ke6 40. b3 Kd6 41. Kd4 Ke6 42. c5 Kf5 43. Kd5 Kxf4 44. Kc6 bxc5 45. Kxc7 1-0


[Site "https://www.chess.com"]

[Event "Titled Tuesday Blitz March 15 Early 2022"]
[White "Weishaeutel, Moritz"]
[Black "Rengifo Blancas, Renzo Jhonathan"]
[WhiteFideId "12967300"]
[BlackFideId "3807185"]
[WhiteElo "2002"]
[BlackElo "2058"]
[Result "0-1"]
[Round "04"]
[TimeControl "180+1"]
[Date "2022.03.15"]
[WhiteClock "0:00:14"]
[BlackClock "0:00:36"]

1. e4 e5 2. Nf3 Nc6 3. Bb5 Nd4 4. Nxd4 exd4 5. O-O c6 6. Bc4 d5 7. exd5 cxd5 8. Re1+ Be7 9. Bb3 Nf6 10. Qe2 Be6 11. Ba4+ Nd7 12. d3 O-O 13. Bxd7 Qxd7 14. Nd2 Bf6 15. Nf3 Rfe8 16. Qf1 Bg4 17. Bg5 Bxf3 18. Bxf6 Qg4 19. Be5 f6 20. Bg3 Be2 21. f3 Bxf1 22. fxg4 Be2 23. h3 Rac8 24. Rac1 Re6 25. Kf2 Rce8 26. Bf4 h5 27. g5 fxg5 28. Bxg5 Rf8+ 29. Kg1 Rf5 30. h4 Kf7 31. g3 Bg4 32. Rxe6 Kxe6 33. Re1+ Re5 34. Rxe5+ Kxe5 35. Bf4+ Ke6 36. Bb8 Bd1 37. Bxa7 Bxc2 38. Bxd4 g6 39. Kf2 Bxd3 40. Ke3 Bb1 41. b3 Kf5 42. b4 Kg4 43. Be5 Bxa2 44. Kd4 Bc4 45. Bf4 b5 46. Bd6 Kf3 47. Bf4 Ke2 48. Bd6 Kd2 49. Bb8 Kc2 50. Bd6 Kb3 51. Bc5 Ka3 52. Ke5 Kb2 53. Kf6 Kc3 54. Kxg6 Be2 55. Kg5 d4 56. Kf4 d3 57. Ke3 d2 58. Kxe2 Kc2 59. Ke3 d1=Q 60. Kf4 Qg4+ 61. Ke5 Qxg3+ 62. Kf5 Qxh4 63. Kg6 Qg4+ 64. Kh6 h4 65. Kh7 h3 66. Bd6 h2 67. Bxh2 Qh4+ 68. Kg6 Qxh2 69. Kf5 Qd2 70. Ke5 Qxb4 71. Kd5 Qc4+ 72. Kd6 b4 73. Kd7 b3 74. Kd8 b2 75. Kd7 b1=Q 76. Ke7 Qd1 77. Ke8 Qce2+ 78. Kf8 Qdf1+ 0-1


[Site "https://www.chess.com"]

[Event "Titled Tuesday Blitz March 15 Early 2022"]
[White "Xie, Bryan"]
[Black "Gontcharov, Vladislav"]
[WhiteFideId "30941296"]
[BlackFideId "4123492"]
[WhiteElo "1899"]
[BlackElo "2503"]
[Result "0-1"]
[Round "04"]
[TimeControl "180+1"]
[Date "2022.03.15"]
[WhiteClock "0:00:01"]
[BlackClock "0:01:08"]

1. e4 e6 2. d4 d5 3. Nc3 Bb4 4. e5 c5 5. a3 Bxc3+ 6. bxc3 Ne7 7. Qg4 O-O 8. Bg5 Qa5 9. Ne2 Nbc6 10. h4 Nf5 11. Bd2 Qa4 12. h5 h6 13. Ng3 cxd4 14. Nxf5 exf5 15. Qg3 Kh8 16. Rh4 Qxc2 17. cxd4 Be6 18. Rc1 Qb2 19. Qe3 Rac8 20. Be2 b6 21. g4 Na5 22. gxf5 Bxf5 0-1


[Site "https://www.chess.com"]

[Event "Titled Tuesday Blitz March 15 Early 2022"]
[White "Xiong, Jeffery"]
[Black "Hammer, Jon Ludvig"]
[WhiteFideId "2047640"]
[BlackFideId "1503707"]
[WhiteElo "2727"]
[BlackElo "2607"]
[Result "1/2-1/2"]
[Round "04"]
[TimeControl "180+1"]
[Date "2022.03.15"]
[WhiteClock "0:00:11"]
[BlackClock "0:00:08"]

1. d4 Nf6 2. c4 e6 3. Nc3 Bb4 4. Nf3 c5 5. g3 cxd4 6. Nxd4 O-O 7. Bg2 d5 8. cxd5 Nxd5 9. Qb3 Qa5 10. Bd2 Nc6 11. Nxc6 bxc6 12. O-O Nxc3 13. bxc3 Bd6 14. Bxc6 Rb8 15. Qc2 Ba6 16. Be4 Bxe2 17. Bxh7+ Kh8 18. Rfe1 Qh5 19. Bd3 Bf3 20. Be4 Rfc8 21. Bxf3 Qxf3 22. Re4 Kg8 23. Rae1 Qf5 24. Qa4 Rc7 25. c4 g5 26. Qd1 Rb2 27. Rd4 Be7 28. Rf1 Rxa2 29. Bc3 Rc8 30. Rd7 Bf6 31. Qb3 Re2 32. Qb7 Rf8 33. Bxf6 Qxf6 34. Qxa7 Rc2 35. Qd4 Qxd4 36. Rxd4 Rc8 37. Rg4 f6 38. Re1 Kf7 39. h4 R8xc4 40. Rxc4 Rxc4 41. hxg5 fxg5 42. Kg2 Kf6 43. Re3 Kf5 44. Rf3+ Kg6 45. Re3 Kf5 46. Rf3+ Kg6 47. Re3 Kf5 1/2-1/2


[Site "https://www.chess.com"]

[Event "Titled Tuesday Blitz March 15 Early 2022"]
[White "Xu, Yi"]
[Black "Krasilnikov, Evgeni"]
[WhiteFideId "8605564"]
[BlackFideId "4139739"]
[WhiteElo "2471"]
[BlackElo "2206"]
[Result "1-0"]
[Round "04"]
[TimeControl "180+1"]
[Date "2022.03.15"]
[WhiteClock "0:00:35"]
[BlackClock "0:00:15"]

1. e4 c6 2. d4 d5 3. e5 Bf5 4. h4 h6 5. g4 Bd7 6. Nc3 e6 7. Be3 c5 8. dxc5 Qa5 9. a3 Qc7 10. f4 Bxc5 11. Bxc5 Qxc5 12. Qd2 Ne7 13. h5 Bc6 14. O-O-O Nd7 15. Bd3 O-O-O 16. Nf3 Kb8 17. Ne2 Qb6 18. Ned4 Nc5 19. Qb4 Qxb4 20. axb4 Ne4 21. Rh2 a6 22. Rg1 Bd7 23. g5 hxg5 24. Nxg5 Nxg5 25. fxg5 Nc6 26. Nxc6+ Bxc6 27. Rf1 Rdf8 28. h6 gxh6 29. gxh6 Bb5 30. Bxb5 axb5 31. h7 Kc7 32. Rf6 Kd7 33. Kd2 Ke7 34. Kd3 Rc8 35. b3 d4 36. Rf4 Rc3+ 37. Kxd4 Rg3 38. Kc5 Rg5 39. Re4 f5 40. Reh4 Rg4 41. Rxg4 fxg4 42. Kxb5 g3 43. Rg2 1-0


[Site "https://www.chess.com"]

[Event "Titled Tuesday Blitz March 15 Early 2022"]
[White "Zhigalko, Sergei"]
[Black "Omariev, Maksim"]
[WhiteFideId "13502956"]
[BlackFideId "4193423"]
[WhiteElo "2662"]
[BlackElo "2458"]
[Result "1-0"]
[Round "04"]
[TimeControl "180+1"]
[Date "2022.03.15"]
[WhiteClock "0:00:17"]
[BlackClock "0:00:02"]

1. e4 c5 2. Nf3 d6 3. d4 cxd4 4. Qxd4 a6 5. Bc4 Nc6 6. Qd3 g6 7. Nc3 Bg7 8. Bb3 Nf6 9. Bg5 O-O 10. O-O-O Be6 11. Kb1 Bxb3 12. cxb3 Rc8 13. Rhe1 Re8 14. h3 Qa5 15. a3 Nd7 16. b4 Nxb4 17. axb4 Qxb4 18. Bd2 Nc5 19. Qc2 Nb3 20. e5 dxe5 21. Nxe5 Nd4 22. Qd3 Red8 23. Nd5 Qc5 24. Nxe7+ Qxe7 25. Nxg6 Qf6 26. Ne7+ Kh8 27. Bc3 Rc7 28. Nf5 Qxf5 29. Qxf5 Nxf5 30. Rxd8# 1-0


[Site "https://www.chess.com"]

[Event "Titled Tuesday Blitz March 15 Early 2022"]
[White "Zong, Davis"]
[Black "Kett, Tim"]
[WhiteFideId "30903955"]
[BlackFideId "1801210"]
[WhiteElo "2061"]
[BlackElo "2098"]
[Result "1/2-1/2"]
[Round "04"]
[TimeControl "180+1"]
[Date "2022.03.15"]
[WhiteClock "0:00:01"]
[BlackClock "0:00:09"]

1. d4 d5 2. c4 e6 3. Nf3 Nf6 4. Nc3 Be7 5. Bf4 O-O 6. e3 c5 7. dxc5 Qa5 8. Qc2 Nc6 9. Rd1 dxc4 10. Bxc4 Qxc5 11. Be2 e5 12. Bg5 Be6 13. O-O Rac8 14. Qb1 Rfd8 15. Rc1 Qa5 16. Rfd1 a6 17. a3 b5 18. Ne4 b4 19. axb4 Nxb4 20. Nxf6+ gxf6 21. Bh4 Qa2 22. Qxa2 Nxa2 23. Rxc8 Rxc8 24. Bxa6 Rc2 25. Nxe5 fxe5 26. Bxe7 Rxb2 27. g3 Nc3 28. Ra1 Ne2+ 29. Bxe2 Rxe2 30. Bf6 Rc2 31. Ra8+ Rc8 32. Rxc8+ Bxc8 33. Bxe5 Kf8 34. f3 Ke7 35. Kf2 Ke6 36. Bc3 Kd5 37. e4+ Kc4 38. Bf6 Kd3 39. h4 Kc4 40. Ke3 Kc5 41. g4 Kd6 42. h5 Ke6 43. Bc3 Bb7 44. f4 Bc6 45. f5+ Ke7 46. e5 Bb7 47. Kf4 Bd5 48. g5 Bc4 49. Bb4+ Ke8 50. g6 fxg6 51. fxg6 hxg6 52. hxg6 Bg8 53. Kf5 Kd7 54. Kf6 Bd5 55. Kg7 Ke6 1/2-1/2


[Site "https://www.chess.com"]

[Event "Titled Tuesday Blitz March 15 Early 2022"]
[White "Al-Tarboush, Ward"]
[Black "Bogumil, Tatiana"]
[WhiteFideId "7601450"]
[BlackFideId "4110579"]
[WhiteElo "2276"]
[BlackElo "1761"]
[Result "1-0"]
[Round "05"]
[TimeControl "180+1"]
[Date "2022.03.15"]
[WhiteClock "0:00:32"]
[BlackClock "0:00:03"]

1. e4 e6 2. d4 d5 3. exd5 exd5 4. Bd3 Nf6 5. Bg5 Be7 6. Ne2 O-O 7. Nbc3 Bg4 8. Qd2 Nbd7 9. h4 c5 10. f3 Be6 11. g4 cxd4 12. Nxd4 Ne5 13. O-O-O Nxd3+ 14. Qxd3 Nd7 15. Bxe7 Qxe7 16. Kb1 Nc5 17. Qd2 a6 18. g5 Qc7 19. h5 Rae8 20. f4 Ne4 21. Nxe4 dxe4 22. f5 Bd5 23. Qe3 Qa5 24. a3 Qc5 25. g6 fxg6 26. hxg6 h6 27. Rdg1 Rf6 28. Rg3 Rc8 29. Rgh3 1-0


[Site "https://www.chess.com"]

[Event "Titled Tuesday Blitz March 15 Early 2022"]
[White "Arabidze, Meri"]
[Black "Demchenko, Anton"]
[WhiteFideId "13604040"]
[BlackFideId "4160258"]
[WhiteElo "2335"]
[BlackElo "2539"]
[Result "1-0"]
[Round "05"]
[TimeControl "180+1"]
[Date "2022.03.15"]
[WhiteClock "0:00:40"]
[BlackClock "0:00:08"]

1. g3 Nf6 2. Bg2 g6 3. b3 Bg7 4. Bb2 d6 5. d4 O-O 6. Nf3 b5 7. O-O Bb7 8. Nbd2 Nbd7 9. Re1 c5 10. e4 cxd4 11. Nxd4 a6 12. e5 dxe5 13. Bxb7 exd4 14. Bxa8 Qxa8 15. Rxe7 Qd8 16. Re1 Nd5 17. Nf3 Nc3 18. Bxc3 dxc3 19. Qd5 Qc8 20. Rad1 Nf6 21. Qd6 a5 22. Ne5 Qf5 23. Qd3 Qh5 24. Qe2 Qf5 25. Qd3 Qh5 26. h4 g5 27. Qf5 h6 28. Nd7 Nxd7 29. Rxd7 b4 30. Ree7 a4 31. bxa4 Kh8 32. Rxf7 Rxf7 33. Qxf7 Qxf7 34. Rxf7 gxh4 35. gxh4 Bd4 36. a5 1-0


[Site "https://www.chess.com"]

[Event "Titled Tuesday Blitz March 15 Early 2022"]
[White "Araujo Filho, Luiz Antonio Coel"]
[Black "Bodnaruk, Anastasia"]
[WhiteFideId "2130661"]
[BlackFideId "4181751"]
[WhiteElo "2195"]
[BlackElo "2393"]
[Result "1/2-1/2"]
[Round "05"]
[TimeControl "180+1"]
[Date "2022.03.15"]
[WhiteClock "0:00:05"]
[BlackClock "0:00:06"]

1. d4 Nf6 2. Nf3 g6 3. c4 Bg7 4. Nc3 O-O 5. e4 d6 6. Be2 e5 7. dxe5 dxe5 8. O-O c6 9. Qc2 Nbd7 10. Rd1 Qe7 11. Rb1 Nh5 12. h3 Nf4 13. Bf1 Nc5 14. b4 Nce6 15. Be3 g5 16. b5 h5 17. bxc6 bxc6 18. Qa4 g4 19. hxg4 hxg4 20. Nd2 Nd4 21. g3 Nfe6 22. Ne2 Ng5 23. Nxd4 exd4 24. Bxg5 Qxg5 25. Qxc6 Be6 26. Bd3 Be5 27. Qc5 Kg7 28. Rb5 f6 29. Nb3 Qh6 30. Nxd4 Bxd4 31. Qxd4 Rh8 32. Kf1 Rad8 33. Rb7+ Kg6 34. e5+ Kh5 35. Qe4 f5 36. Qh1+ Kg5 37. Qxh6+ Kxh6 38. Rxa7 Bxc4 39. Ke2 Rhe8 40. Ra5 Rd4 41. Bxc4 Rxc4 42. Rd2 Re4+ 43. Kf1 R4xe5 44. Rxe5 Rxe5 45. Kg2 Ra5 46. Rb2 Kg5 47. Rc2 Ra3 48. Rb2 Kg6 49. Rc2 Kf6 50. Rb2 Ke5 51. Rc2 Ra5 52. Rb2 Kd4 53. Rc2 Kd3 54. Rb2 Kc3 55. Re2 Kd3 56. Rb2 Kc3 57. Re2 Kd3 58. Rb2 1/2-1/2


[Site "https://www.chess.com"]

[Event "Titled Tuesday Blitz March 15 Early 2022"]
[White "Atakhan, Abtin"]
[Black "Aravindh, Chithambaram VR."]
[WhiteFideId "22502203"]
[BlackFideId "5072786"]
[WhiteElo "2119"]
[BlackElo "2561"]
[Result "0-1"]
[Round "05"]
[TimeControl "180+1"]
[Date "2022.03.15"]
[WhiteClock "0:00:22"]
[BlackClock "0:00:34"]

1. c4 g6 2. Nf3 Bg7 3. g3 e5 4. Nc3 f5 5. d3 d6 6. Bg2 Nf6 7. O-O O-O 8. Rb1 Nc6 9. b4 Ne7 10. Bb2 f4 11. Nd2 g5 12. e3 Ng6 13. Nde4 Nxe4 14. Bxe4 Bh3 15. Re1 Qf6 16. exf4 gxf4 17. Qf3 c6 18. g4 Qh4 19. Bf5 Ne7 20. Be6+ Kh8 21. Ne4 Qh6 22. Bd7 Qh4 23. Nxd6 Rad8 24. Nf5 Nxf5 25. Bxf5 Rde8 26. Re4 h5 27. Qe2 Rxf5 28. gxf5 Qg5+ 0-1


[Site "https://www.chess.com"]

[Event "Titled Tuesday Blitz March 15 Early 2022"]
[White "Barp, Alberto"]
[Black "Bok, Benjamin"]
[WhiteFideId "872555"]
[BlackFideId "1017063"]
[WhiteElo "2663"]
[BlackElo "2932"]
[Result "1-0"]
[Round "05"]
[TimeControl "180+1"]
[Date "2022.03.15"]
[WhiteClock "0:00:03"]
[BlackClock "0:00:03"]

1. d4 d5 2. c4 c6 3. cxd5 cxd5 4. Bf4 Nf6 5. e3 Nc6 6. Nc3 Bf5 7. Nf3 e6 8. Qb3 Bb4 9. Ne5 Bxc3+ 10. Qxc3 Nxe5 11. Bxe5 O-O 12. Bd3 Rc8 13. Qd2 Bxd3 14. Qxd3 Qa5+ 15. Ke2 Rc6 16. Rhc1 Rfc8 17. Rxc6 Rxc6 18. Bxf6 gxf6 19. a3 Qc7 20. Rd1 Qxh2 21. g3 Qh5+ 22. Kd2 Qf3 23. Ke1 Kg7 24. Qb3 b6 25. Qa4 Rc7 26. Qb3 h5 27. Qd3 f5 28. Qb1 Kf6 29. Qd3 Kg5 30. Qb1 Kg4 31. Qd3 f6 32. Rb1 Qe4 33. Qd1+ Kg5 34. Kd2 Qg2 35. Qe2 Kg6 36. Rc1 Rxc1 37. Kxc1 Qh1+ 38. Kc2 Qe4+ 39. Kc3 Qb1 40. Kb3 Qc1 41. Qb5 Qd1+ 42. Ka2 Qc2 43. Qe8+ Kg5 44. Qg8+ Kh6 45. Qxe6 Kg5 46. Qg8+ Kh6 47. Qxd5 Qxf2 48. Qg8 Qxe3 49. Qh8+ Kg6 50. Qg8+ Kh6 51. d5 Qe5 52. Qf8+ Kg5 53. Qg7# 1-0


[Site "https://www.chess.com"]

[Event "Titled Tuesday Blitz March 15 Early 2022"]
[White "Baskin, Robert"]
[Black "Petersson, Kjell"]
[WhiteFideId "24662402"]
[BlackFideId "1705148"]
[WhiteElo "2488"]
[BlackElo "2009"]
[Result "0-1"]
[Round "05"]
[TimeControl "180+1"]
[Date "2022.03.15"]
[WhiteClock "0:00:01"]
[BlackClock "0:00:42"]

1. e4 c5 2. Nf3 d6 3. d4 cxd4 4. Nxd4 Nf6 5. Nc3 g6 6. Be3 Bg7 7. f3 O-O 8. Qd2 Nc6 9. Bc4 Nd7 10. h4 Nb6 11. Bb3 Na5 12. Qd3 Nxb3 13. axb3 d5 14. h5 dxe4 15. Qxe4 e5 16. Nde2 Bf5 17. Qb4 Bxc2 18. hxg6 Bxg6 19. Qg4 Qd6 20. Ne4 Qb4+ 21. Bd2 Qxb3 22. Qh4 Qxb2 23. Bc3 Qc2 24. Rc1 Qd3 25. Nf4 Qe3+ 26. Ne2 Nd5 27. Bd2 Qa3 28. Rc5 Nf4 29. Nxf4 exf4 30. Nf6+ Bxf6 31. Qxf6 Qxc5 32. Kf1 Rac8 0-1


[Site "https://www.chess.com"]

[Event "Titled Tuesday Blitz March 15 Early 2022"]
[White "Beerdsen, Thomas"]
[Black "Khamzin, Olzhas"]
[WhiteFideId "1030108"]
[BlackFideId "13701690"]
[WhiteElo "2585"]
[BlackElo "2194"]
[Result "1-0"]
[Round "05"]
[TimeControl "180+1"]
[Date "2022.03.15"]
[WhiteClock "0:01:32"]
[BlackClock "0:00:19"]

1. e4 e5 2. Nf3 Nc6 3. d4 exd4 4. Bc4 Nf6 5. O-O d5 6. exd5 Nxd5 7. Nxd4 Nxd4 8. Qxd4 Be6 9. Re1 Be7 10. Qxg7 Bf6 11. Qh6 Bd4 12. Rxe6+ fxe6 13. Qxe6+ Ne7 14. Qf7+ Kd7 15. Nc3 Qf8 16. Qe6+ Ke8 17. Ne4 Rd8 18. Bg5 Rd7 19. Nf6+ Bxf6 20. Bxf6 Rg8 21. Bxe7 Rg6 22. Qxd7+ Kxd7 23. Bxf8 1-0


[Site "https://www.chess.com"]

[Event "Titled Tuesday Blitz March 15 Early 2022"]
[White "Bluebaum, Matthias"]
[Black "Srihari L R"]
[WhiteFideId "24651516"]
[BlackFideId "46617116"]
[WhiteElo "2920"]
[BlackElo "2787"]
[Result "1-0"]
[Round "05"]
[TimeControl "180+1"]
[Date "2022.03.15"]
[WhiteClock "0:00:06"]
[BlackClock "0:00:04"]

1. b3 Nf6 2. Bb2 g6 3. Nf3 Bg7 4. g3 O-O 5. Bg2 c5 6. c4 Nc6 7. O-O d6 8. d4 cxd4 9. Nxd4 Bd7 10. Nc2 Rb8 11. Nc3 a6 12. a4 Qc8 13. Re1 Bh3 14. Bh1 Qf5 15. e4 Qd7 16. Ne3 Ng4 17. Nxg4 Bxg4 18. Bf3 h5 19. Bxg4 hxg4 20. Kg2 Ne5 21. Qe2 Nf3 22. Rh1 Nd4 23. Qd1 Qe6 24. h3 f5 25. exf5 Qxf5 26. Qf1 Qf3+ 27. Kg1 Nxb3 28. Rd1 Bxc3 29. Rd3 Bxb2 30. Rxf3 Rxf3 31. Qb1 Bd4 32. Qxg6+ Kf8 33. hxg4 Rxf2 34. Rh8+ Bxh8 35. Kxf2 Nc5 36. a5 Bg7 37. g5 Kg8 38. Kg2 Rf8 39. Qh5 e6 40. g6 Rf5 41. Qh7+ Kf8 42. Qh4 Rf6 43. Qg5 Nd7 44. Qg4 Ke7 45. Qe4 Nc5 46. Qg4 Rf5 47. Qh4+ Rf6 48. Qg4 Nb3 49. Qe4 Nxa5 50. c5 Nc6 51. cxd6+ Kxd6 52. g4 e5 53. Qd3+ Nd4 54. Qa3+ Kd7 55. Qa2 Ke7 56. Qa3+ Ke8 57. Qa4+ b5 58. Qa2 Rxg6 59. Kg3 Ne6 60. Qd5 Bf8 61. Qa8+ Kf7 62. Qxa6 b4 63. Qb7+ Be7 64. Kf3 Rf6+ 65. Kg3 Nd4 66. g5 Rg6 67. Qd5+ Re6 68. Kg4 Kg6 69. Qe4+ Kg7 70. Kh5 b3 71. Qd3 b2 72. Qb1 Rb6 73. g6 e4 74. Kg4 Bf6 75. Kf4 Ne6+ 76. Kxe4 Nc5+ 77. Kd5 Na4 78. Qh1 Nc3+ 79. Kc4 b1=Q 80. Qh7+ Kf8 81. Qf7# 1-0


[Site "https://www.chess.com"]

[Event "Titled Tuesday Blitz March 15 Early 2022"]
[White "Brunner, Nicolas"]
[Black "Milosevic, Milos"]
[WhiteFideId "620246"]
[BlackFideId "964875"]
[WhiteElo "2372"]
[BlackElo "2237"]
[Result "1/2-1/2"]
[Round "05"]
[TimeControl "180+1"]
[Date "2022.03.15"]
[WhiteClock "0:00:22"]
[BlackClock "0:01:03"]

1. d4 d5 2. c4 e6 3. Nf3 c5 4. cxd5 exd5 5. g3 Nf6 6. Nc3 Nc6 7. Bg2 h6 8. O-O Be6 9. Be3 cxd4 10. Nxd4 Be7 11. Nxc6 bxc6 12. Na4 O-O 13. Rc1 Bd7 14. Bc5 Bxc5 15. Nxc5 Rc8 16. e4 dxe4 17. Nxe4 Nxe4 18. Bxe4 c5 19. b3 Be6 20. Qxd8 Rfxd8 21. Rfd1 Rxd1+ 22. Rxd1 Kf8 23. Rc1 c4 24. bxc4 Rxc4 25. Rxc4 Bxc4 26. a3 Ke7 27. f4 Kd6 28. Kf2 Kc5 29. Ke3 Bd5 30. Bd3 g6 31. h4 Be6 32. Be2 Kd5 33. Bd3 a5 34. Be2 Bd7 35. Bd3 Bf5 36. Be2 f6 37. Bb5 Kc5 38. Be2 Be6 39. Bd3 g5 40. fxg5 fxg5 41. Be2 Bc4 42. Bf3 Kb5 43. Kd4 Bb3 44. Kc3 Ka4 45. Kb2 Be6 46. Bd1+ Kb5 47. Kc3 Kc5 48. Bf3 gxh4 49. gxh4 Bf5 50. Bg2 1/2-1/2


[Site "https://www.chess.com"]

[Event "Titled Tuesday Blitz March 15 Early 2022"]
[White "Budrewicz, Krzysztof"]
[Black "Xu, Yi"]
[WhiteFideId "1127950"]
[BlackFideId "8605564"]
[WhiteElo "2248"]
[BlackElo "2471"]
[Result "0-1"]
[Round "05"]
[TimeControl "180+1"]
[Date "2022.03.15"]
[WhiteClock "0:01:15"]
[BlackClock "0:01:45"]

1. d4 Nf6 2. c4 e6 3. Nf3 d5 4. Nc3 Bb4 5. e3 O-O 6. a3 Bxc3+ 7. bxc3 c5 8. cxd5 exd5 9. Be2 c4 10. a4 Nc6 11. Ba3 Re8 12. O-O Ne4 13. Qc2 Bf5 14. Qb2 Na5 15. Rad1 Bg4 16. h3 Bh5 17. Rfe1 Nb3 18. g4 Bg6 19. Ne5 Qh4 20. Bf1 Rxe5 21. dxe5 Ng5 22. f4 Nf3+ 23. Kg2 Nxe1+ 24. Rxe1 Be4+ 25. Kh2 Qxe1 0-1


[Site "https://www.chess.com"]

[Event "Titled Tuesday Blitz March 15 Early 2022"]
[White "Chen, Qi b"]
[Black "Moroni, Luca Jr"]
[WhiteFideId "8614733"]
[BlackFideId "865834"]
[WhiteElo "2432"]
[BlackElo "2573"]
[Result "0-1"]
[Round "05"]
[TimeControl "180+1"]
[Date "2022.03.15"]
[WhiteClock "0:00:08"]
[BlackClock "0:01:45"]

1. e4 g6 2. d4 Bg7 3. Nc3 d6 4. f4 c6 5. Nf3 b5 6. Bd3 Bb7 7. O-O Nd7 8. a4 b4 9. Ne2 Ngf6 10. c3 bxc3 11. bxc3 O-O 12. Rb1 Rb8 13. e5 Nd5 14. c4 Nc7 15. Kh1 Ba8 16. Ba3 c5 17. Rxb8 Qxb8 18. exd6 exd6 19. d5 Na6 20. f5 Nb4 21. Bb1 Qe8 22. a5 Bb7 23. Ng3 Ba6 24. Qc1 Ne5 25. Nxe5 Qxe5 26. Re1 Qc3 27. Qxc3 Bxc3 28. Rc1 Bd2 29. Rd1 Bh6 30. Ne4 Bf4 31. fxg6 fxg6 32. Bxb4 cxb4 33. c5 dxc5 34. Nxc5 Be2 35. Re1 Bd2 0-1


[Site "https://www.chess.com"]

[Event "Titled Tuesday Blitz March 15 Early 2022"]
[White "Cramling Bellon, Anna"]
[Black "Kanyamarala, Trisha"]
[WhiteFideId "32009232"]
[BlackFideId "45004722"]
[WhiteElo "1905"]
[BlackElo "2047"]
[Result "1-0"]
[Round "05"]
[TimeControl "180+1"]
[Date "2022.03.15"]
[WhiteClock "0:00:04"]
[BlackClock "0:00:02"]

1. d4 Nf6 2. c4 e6 3. Nc3 Bb4 4. Qc2 d5 5. cxd5 exd5 6. Bg5 h6 7. Bh4 c5 8. e3 Nc6 9. Nf3 cxd4 10. exd4 Bg4 11. Bb5 Bxf3 12. gxf3 O-O 13. Bxc6 bxc6 14. O-O-O Qd6 15. Bg3 Qd7 16. Be5 Be7 17. Rhg1 Rfc8 18. Ne2 c5 19. Kb1 cxd4 20. Qd3 Qe6 21. Bxd4 Rab8 22. Nf4 Qd7 23. Rde1 Bd8 24. Be5 Rb4 25. Nxd5 Qxd5 26. Qxd5 Nxd5 27. Rxg7+ Kf8 28. Rh7 f6 29. Bd6+ Kg8 30. Rxh6 Rbc4 31. Ba3 Kf7 32. Rg1 Bb6 33. Rh7+ Ke6 34. Re1+ Kf5 35. Rh5+ Kg6 36. Rxd5 Bxf2 37. Rf1 Be3 38. b3 Rc2 39. Bb2 f5 40. Re1 f4 41. Red1 Rxh2 42. Rd6+ 1-0


[Site "https://www.chess.com"]

[Event "Titled Tuesday Blitz March 15 Early 2022"]
[White "Csonka, Balazs"]
[Black "Tay, Junior"]
[WhiteFideId "742910"]
[BlackFideId "5800439"]
[WhiteElo "2404"]
[BlackElo "2216"]
[Result "1-0"]
[Round "05"]
[TimeControl "180+1"]
[Date "2022.03.15"]
[WhiteClock "0:00:04"]
[BlackClock "0:00:01"]

1. d4 Nf6 2. c4 Nc6 3. Nf3 e6 4. g3 Bb4+ 5. Bd2 Qe7 6. Nc3 O-O 7. Bg2 d6 8. O-O e5 9. Nd5 Nxd5 10. cxd5 Bxd2 11. Qxd2 Nxd4 12. Nxd4 exd4 13. Rfe1 Qe5 14. Rac1 c5 15. dxc6 bxc6 16. Rxc6 Bb7 17. Rc2 Bxg2 18. Kxg2 Rfe8 19. Kg1 h5 20. Rc4 h4 21. Qxd4 hxg3 22. hxg3 Qa5 23. Kf1 Qxa2 24. Ra4 Qb3 25. Rb4 Qe6 26. e3 Rac8 27. Qxa7 Rc2 28. Rf4 Rf8 29. Qd4 Qb3 30. Qb4 Qd3+ 31. Kg1 Rc5 32. Qd4 Qa6 33. Rd1 Rd8 34. Qxc5 dxc5 35. Rxd8+ Kh7 36. Rd1 Qe2 37. Rc1 Qxb2 38. Rxc5 Qb1+ 39. Kg2 Qb7+ 40. Kh2 Qb2 41. Rxf7 Qe2 42. Rcf5 Qg4 43. Kg2 Qe2 44. Rf3 Qc2 45. R7f4 Qc6 46. Rd4 g5 47. e4 Qc5 48. Rfd3 Kg6 49. Rd6+ Kh5 50. R3d5 Qc2 51. Re5 1-0


[Site "https://www.chess.com"]